 Dungeon Crawl Stone Soup version 0.27-a0-860-gaf99fae3ca (webtiles) character file.

Game seed: 9219730850226844810

686 rageheart7 the Magician (level 7, -1/36 HPs)
             Began as a Deep Elf Fire Elementalist on Apr 1, 2021.
             Slain by a bullfrog skeleton (3 damage)
             ... on level 5 of the Dungeon.
             The game lasted 00:10:11 (4518 turns).

rageheart7 the Magician (DEFE)                      Turns: 4518, Time: 00:10:12

Health: -1/36      AC:  5    Str:  5    XL:     7   Next: 35%
Magic:  17/28      EV: 12    Int: 22    God:
Gold:   103        SH:  0    Dex: 15    Spells: 6/19 levels left

rFire    . . .     SeeInvis .   h - staff of conjuration
rCold    . . .     Faith    .   (no shield)
rNeg     . . .     Spirit   .   a - +0 robe
rPois    +         Reflect  .   k - +0 helmet
rElec    .         Harm     .   c - +1 cloak
rCorr    .         Rampage  .   (no gloves)
Will     .....                  (no boots)
Stlth    ++........             (no amulet)
HPRegen  0.12/turn              d - ring of magical power
MPRegen  0.21/turn              i - ring of poison resistance

@: no status effects
A: no striking features
a: no special abilities


You were on level 5 of the Dungeon.
You visited 1 branch of the dungeon, and saw 5 of its levels.

You collected 103 gold pieces.

Inventory:

Armour
 a - a +0 robe (worn)
 c - a +1 cloak (worn)
 k - a +0 helmet (worn)
Magical Staves
 h - a staff of conjuration (weapon)
Jewellery
 d - a ring of magical power (left hand)
 i - a ring of poison resistance (right hand)
Wands
 e - a wand of iceblast (10)
 j - a wand of flame (16)
Potions
 b - a potion of magic {unknown}
 f - a potion of ambrosia {unknown}
 g - a potion of heal wounds {unknown}
 m - a potion of flight {unknown}
 n - a potion of berserk rage
 o - a potion of brilliance {unknown}


   Skills:
 - Level 0.2 Fighting
 - Level 2.4 Dodging
 - Level 2.4 Stealth
 + Level 6.8 Spellcasting
 + Level 4.6 Conjurations
 + Level 6.3 Fire Magic


You had 6 spell levels left.
You knew the following spells:

 Your Spells              Type           Power      Damage    Failure   Level
a - Foxfire               Conj/Fire      100%       2x1d9     1%          1
b - Conjure Flame         Conj/Fire      47%        6-21      2%          3
c - Sticky Flame          Conj/Fire      47%        2d6       9%          4
d - Fireball              Conj/Fire      23%        3d11      24%         5

Your spell library contained the following spells:

 Spells                   Type           Power      Damage    Failure   Level
 Inner Flame              Hex/Fire       21%        N/A       7%          3


Dungeon Overview and Level Annotations

Branches:
Dungeon (5/15)
 Temple: D:4-7

Altars:
Xom

Annotations:
D:2 1 runed translucent door, Crazy Yiuf
D:4 1 runed translucent door, TittyCrusher's ghost, amateur DjFE
D:5 exclusion: 2 doors, Blork the orc


Message History

Found a coppery potion.
Blork the orc frowns.
You feel a surge of power!
You conjure some foxfire!
Blork the orc casts a spell at you. The puff of frost misses you.
The foxfire hits Blork the orc.
Blork the orc resists.
Blork the orc is heavily wounded.
The foxfire hits Blork the orc.
Blork the orc completely resists.
Blork the orc is heavily wounded.
You feel a surge of power!
You conjure some foxfire!
The bullfrog skeleton hits you. Blork the orc closely misses you.
Your foxfire dissipates!
The foxfire hits Blork the orc.
Blork the orc resists.
Blork the orc is severely wounded.
You feel a surge of power!
You conjure some foxfire!
The bullfrog skeleton barely misses you.
Blork the orc casts a spell at you. The puff of frost hits you!
The bullfrog skeleton closely misses you.
The foxfire hits the bullfrog skeleton.
The bullfrog skeleton is lightly damaged.
The foxfire hits Blork the orc.
Blork the orc resists.
Blork the orc is almost dead.
You see here an adder skeleton.
You are too injured to fight recklessly!
Casting: Foxfire (safe; 1% risk of failure)
Press: ? - help, Q - select action, (/) - cycle Dir - look around, f - activate Look: Blork the orc, wielding a +0 flail and wearing a +1 robe of fire resistance (almost dead)
Okay, then.
Casting: Foxfire (safe; 1% risk of failure)
Confirm with . or Enter, or press ? or * to list all spells.
You feel a surge of power!
You conjure some foxfire!
The bullfrog skeleton barely misses you.
Blork the orc hits you with a +0 flail!
* * * LOW HITPOINT WARNING * * *
Your foxfire dissipates!
The foxfire hits Blork the orc.
Blork the orc resists.
Blork the orc is almost dead.
The bullfrog skeleton hits you.
You die...

... ###.#..##.#..(.##s[
......# ###.##.#..#..(.'#+s
.......##....#....##..##.##
...................#'###'#.
......................##.##
.............[........#...#
...........÷o.........##.##
..........Z............###.
..........@§...............
.......#....#.(.)....#.....
......##...####...(..<#####
...... ##........#(.###
.o... #....#.#.#..# .....
#...####....# ###. ....#..
#.#.## ## ...####.. ###..#
### ... #...#


You could see Blork the orc and a bullfrog skeleton.

Vanquished Creatures
  A phantom (D:5)
  A kobold brigand (D:5)
  3 scorpions (D:5)
  A water moccasin zombie (D:5)
  A hound (D:5)
  A jelly (D:5)
  An iguana (D:2)
  An orc priest (D:4)
  An orc wizard (D:4)
  3 adders
  5 worms
  2 dart slugs
  12 orcs
  6 bats
  9 endoplasms
  3 giant cockroaches
  5 goblins
  5 hobgoblins
  16 jackals
  6 kobolds
  4 quokkas
  13 ball pythons
  5 frilled lizards
  5 rats
110 creatures vanquished.

Vanquished Creatures (others)
  316 foxfires
316 creatures vanquished.

Grand Total: 426 creatures vanquished

Notes
Turn   | Place    | Note
-------+----------+-------------------------------------------
     0 | D:1      | rageheart7 the Deep Elf Fire Elementalist began the quest
                  | for the Orb.
     0 | D:1      | Reached XP level 1. HP: 10/10 MP: 6/6
   231 | D:1      | Reached XP level 2. HP: 15/15 MP: 6/8
   833 | D:1      | Reached XP level 3. HP: 19/19 MP: 8/10
  1196 | D:2      | Found a shimmering altar of Xom.
  1238 | D:2      | Learned a level 3 spell: Conjure Flame
  2113 | D:2      | Reached XP level 4. HP: 24/24 MP: 12/12
  2132 | D:2      | Found a faded altar of an unknown god.
  2278 | D:2      | Found a runed translucent door.
  2279 | D:2      | Noticed Crazy Yiuf
  3399 | D:4      | Reached XP level 5. HP: 25/28 MP: 14/14
  3405 | D:4      | Reached skill level 5 in Spellcasting
  3405 | D:4      | Reached skill level 5 in Fire Magic
  3801 | D:4      | Learned a level 4 spell: Sticky Flame
  3807 | D:4      | Learned a level 5 spell: Fireball
  4006 | D:4      | Found a runed translucent door.
  4007 | D:4      | Noticed TittyCrusher's ghost (amateur DjFE)
  4113 | D:5      | Entered Level 5 of the Dungeon
  4125 | D:5      | Reached XP level 6. HP: 32/32 MP: 16/16
  4180 | D:5      | Noticed Blork the orc
  4245 | D:5      | Reached XP level 7. HP: 35/36 MP: 10/18
  4518 | D:5      | Slain by a bullfrog skeleton

Illustrated notes

Levels and vault maps discovered:
D:1:      lightli_arrival_farm, layout_rooms
D:2:      layout_basic, basic_altar, ebering_ecumenical_altar_ruins,
          uniq_crazy_yiuf_cottage
D:3:      layout_rooms, minmay_misc_feat_room
D:4:      wander_river, layout_rooms, gammafunk_ghost_grave,
          kennysheep_generic_room_10
D:5:      layout_cave_pools, minivault_11, minmay_joined_circles,
          uniq_blork_the_orc, uniq_pikel, uniq_ijyb

Skill      XL: |  1  2  3  4  5  6 |
---------------+-------------------+-----
Fire Magic     | 4 5 6 |  6.3
Spellcasting   | 4 5 6 |  6.8
Conjurations   | 2 3 4 |  4.6
Fighting       | |  0.2
Dodging        | |  2.4
Stealth        | |  2.4

Action                   |  1- 3 |  4- 6 |  7- 9 || total
-------------------------+-------+-------+-------++-------
Melee: Short sword       |    15 |       |       ||    15
       Staff             |       |    17 |       ||    17
 Cast: Foxfire           |    63 |   104 |    30 ||   197
  Use: Scroll            |     1 |     5 |       ||     6
       Potion            |       |     1 |       ||     1
 Stab: Sleeping          |     1 |       |       ||     1
Armor: Robe              |    13 |    18 |       ||    31
Dodge: Dodged            |    56 |    24 |     8 ||    88

Table legend: (Time is in decaauts)
 A = Elapsed time spent in this place.
 B = Non-inter-level travel time spent in this place.
 C = Inter-level travel time spent in this place.
 D = Time resting spent in this place.
 E = Time spent auto-exploring this place.
 F = Levels seen in this place.
 G = Mean time per level.
                   A        B        C        D        E       F      G
               +--------+--------+--------+--------+--------+-----+--------+
         Total |   4564 |   4387 |    177 |      0 |   3555 |   5 |  912.8 |
       Dungeon |   4564 |   4387 |    177 |      0 |   3555 |   5 |  912.8 |
               +--------+--------+--------+--------+--------+-----+--------+

Top non-repeatable levels by time:
     D:2: 1541 daAuts
     D:1: 1211 daAuts
     D:4: 973 daAuts
     D:3: 548 daAuts
     D:5: 289 daAuts
